 Dungeon Crawl Stone Soup version 0.27.1-33-g824d729ab1 (webtiles) character file.

Game seed: 3236169989904692494

5013 Kaptain the Fighter (level 10, -4/105 HPs)
             Began as an Ogre Earth Elementalist on Dec 28, 2021.
             Slain by an orc warrior (11 damage)
             ... on level 8 of the Dungeon on Dec 29, 2021.
             The game lasted 00:21:06 (11778 turns).

Kaptain the Fighter (Ogre Earth Elementalist)      Turns: 11778, Time: 00:21:07

Health: -4/105     AC:  5    Str: 14    XL:     10   Next: 54%
Magic:  22/22      EV: 10    Int: 19    God:
Gold:   1238       SH:  0    Dex:  9    Spells: 21/25 levels left

rFire    + . .     SeeInvis .   n - +0 long sword (flame)
rCold    . . .     Faith    .   (no shield)
rNeg     . . .     Spirit   .   b - +0 robe
rPois    .         Reflect  .   (helmet restricted)
rElec    .         Harm     .   q - +1 cloak
rCorr    .         Rampage  .   (gloves unavailable)
Will     ++...                  (boots unavailable)
Stlth    +.........             o - amulet of the acrobat
HPRegen  0.27/turn              g - ring of willpower
MPRegen  0.18/turn              h - ring of protection from fire

@: hasted, very quick
A: large, unfitting armour, tough skin 1
a: no special abilities


You were on level 8 of the Dungeon.
You visited 2 branches of the dungeon, and saw 9 of its levels.

You collected 1238 gold pieces.

Inventory:

Hand Weapons
 n - a +0 long sword of flaming (weapon)
 v - a +1 trident of holy wrath
 w - a +2 dagger of venom
 x - the +2 mace "Grim" {freeze, rPois Will+ Str-2 Int+8}
   (You found it on level 6 of the Dungeon)

   It freezes those it strikes, dealing additional cold damage.
   It can also slow down cold-blooded creatures.
   Str:       It affects your strength (-2).
   Int:       It affects your intelligence (+8).
   rPois:     It protects you from poison.
   Will:      It increases your willpower.
Missiles
 D - 49 stones
Armour
 b - a +0 robe (worn)
 d - a +0 kite shield
 q - a +1 cloak (worn)
Magical Staves
 u - a staff of earth
Jewellery
 a - a ring of ice
 g - a ring of willpower (left hand)
 h - a ring of protection from fire (right hand)
 i - a ring of resist corrosion
 o - an amulet of the acrobat (around neck)
Wands
 s - a wand of polymorph (4)
 t - a wand of acid (11)
 y - a wand of flame (16)
 z - a wand of charming (8)
Scrolls
 c - 2 scrolls of amnesia
 m - 2 scrolls of identify
 B - a scroll of blinking
Potions
 e - 5 potions of cancellation
 f - 2 potions of curing
 j - a potion of haste
 k - 2 potions of brilliance
 l - a potion of flight {unknown}
 p - a potion of ambrosia
 r - a potion of might {unknown}
 A - a potion of heal wounds {unknown}
 C - a potion of mutation {unknown}


   Skills:
 * Level 8.3 Fighting
 + Level 4.0 Armour
 + Level 4.7 Dodging
 - Level 1.4 Stealth
 + Level 2.1 Shields
 * Level 8.1 Spellcasting
 * Level 5.1 Conjurations
 - Level 0.8 Transmutations
 * Level 7.1 Earth Magic


You had 21 spell levels left.
You knew the following spells:

 Your Spells              Type           Power      Damage    Failure   Level
a - Sandblast             Erth           68%        2d15      1%          1
b - Stone Arrow           Conj/Erth      62%        3d10      2%          3

Your spell library contained the following spells:

 Spells                   Type           Power      Damage    Failure   Level
 Passwall                 Tmut/Erth      18%        N/A       2%          2
 Shock                    Conj/Air       68%        1d7       3%          1
 Petrify                  Tmut/Erth      22%        N/A       17%         4
 Swiftness                Air            7%         N/A       26%         3
 Airstrike                Air            3%         N/A       65%         4


Dungeon Overview and Level Annotations

Branches:
Dungeon (8/15)             Temple (1/1) D:4            Lair (0/6) D:8

Altars:
Cheibriados
Dithmenos
Fedhas
Hepliaklqana
Kikubaaqudgha
Makhleb
Nemelex Xobeh
Okawaru
Qazlal
Ru
Sif Muna
Trog
Vehumet
Wu Jian
Xom
Yredelemnul
Zin
The Shining One

Shops:
D:6 *


Innate Abilities, Weirdness & Mutations

You are too large for most types of armour.
You have tough skin. (AC +1)


Message History

* * * LOW HITPOINT WARNING * * *
An orc wizard comes into view. It is wielding a +0 dagger.
The orc warrior closely misses you. The orc warrior misses you.
You bump into the rock wall.
The orc warrior hits you with a +0 halberd!
* * * LOW HITPOINT WARNING * * *
You closely miss the orc warrior.
The orc warrior is heavily wounded.
You feel less invigorated.
You feel less confused. The orc warrior barely misses you.
You hit the orc warrior. You burn the orc warrior.
The orc warrior is severely wounded.
The orc warrior hits you with a +0 halberd!
* * * LOW HITPOINT WARNING * * *
You feel better.
The orc wizard shouts!
The orc warrior hits you with a +0 halberd.
* * * LOW HITPOINT WARNING * * *
You feel yourself speed up. The orc warrior closely misses you.
The orc wizard gestures wildly while chanting.
The orc wizard flickers and vanishes!
You closely miss the orc warrior.
The orc warrior is severely wounded.
The orc warrior barely misses you.
You hit the orc warrior but do no damage.
The orc warrior is severely wounded.
The orc hits you but does no damage. The orc warrior barely misses you.
You barely miss the orc warrior.
The orc warrior is severely wounded.
The orc hits you with a +0 dagger.
* * * LOW HITPOINT WARNING * * *
The orc warrior hits you with a +0 halberd!
* * * LOW HITPOINT WARNING * * *
You hit the orc warrior but do no damage.
The orc warrior is severely wounded.
The orc hits you but does no damage.
The orc warrior hits you with a +0 halberd!
You die...

###### #....#
#.##.#####
#.##......
##.#####...
########...##.....
#...)......#......
#o######..........
#@# ###.......>
#o# ##....... #o#
##..P... #o#
##..... #.#
####... #.#
#####...... #.#
#.......### #.#
#.......... #..
......:.....


You could see an orc warrior, 2 orc wizards and an orc.

Vanquished Creatures
  A two-headed ogre (D:6)
  An elephant (D:8)
  A shadow (D:8)
  Sigmund (D:3)
  2 wyverns
  A swamp worm (D:7)
  3 water moccasins
  An orc warrior (D:5)
  2 black bears (D:8)
  4 sky beasts
  An ice beast (D:7)
  4 ogres
  A centaur (D:6)
  2 phantoms (D:5)
  3 kobold brigands
  A bullfrog (D:6)
  A gnoll sergeant (D:7)
  A scorpion (D:4)
  2 water moccasin zombies
  3 electric eels (D:6)
  2 howler monkeys
  2 centaur zombies
  2 hounds
  2 jellies (D:5)
  Crazy Yiuf (D:6)
  A gnoll shaman (D:7)
  8 orc priests
  2 bullfrog skeletons
  3 orc wizards
  2 iguanas
  A hound skeleton (D:5)
  A howler monkey skeleton (D:3)
  7 adders
  12 gnolls
  A river rat (D:5)
  A white imp (D:6)
  An adder zombie (D:5)
  2 adder skeletons (D:4)
  6 worms
  5 dart slugs
  19 orcs
  6 endoplasms
  4 giant cockroaches
  6 goblins
  3 hobgoblins
  7 jackals
  5 quokkas
  6 ball pythons
  4 bats
  5 frilled lizards
  15 kobolds
  5 rats
183 creatures vanquished.

Vanquished Creatures (others)
  6 plants
6 creatures vanquished.

Grand Total: 189 creatures vanquished

Notes
Turn   | Place    | Note
-------+----------+-------------------------------------------
     0 | D:1      | Kaptain the Ogre Earth Elementalist began the quest for the
                  | Orb.
     0 | D:1      | Reached XP level 1. HP: 16/16 MP: 3/3
   246 | D:1      | Reached XP level 2. HP: 24/26 MP: 1/5
   801 | D:1      | Reached skill level 1 in Fighting
  1149 | D:2      | Found a faded altar of an unknown god.
  1229 | D:2      | HP: 1/27 [orc (5)]
  1558 | D:2      | Reached XP level 3. HP: 29/33 MP: 5/7
  1644 | D:2      | Learned a level 3 spell: Stone Arrow
  1970 | D:2      | Noticed an ogre
  1985 | D:2      | Killed an ogre
  1986 | D:2      | Reached skill level 1 in Armour
  1986 | D:2      | Reached XP level 4. HP: 19/42 MP: 1/9
  1991 | D:2      | Reached XP level 5. HP: 23/49 MP: 2/10
  3673 | D:3      | Noticed Sigmund
  3685 | D:3      | Killed Sigmund
  3686 | D:3      | Reached XP level 6. HP: 20/59 MP: 3/12
  4068 | D:4      | Identified a scroll of acquirement
  4068 | D:4      | Acquired 831 gold pieces
  4136 | D:4      | Found a staircase to the Ecumenical Temple.
  4145 | Temple   | Entered the Ecumenical Temple
  4385 | D:4      | Reached XP level 7. HP: 49/67 MP: 6/14
  4733 | D:4      | Reached skill level 5 in Spellcasting
  5155 | D:4      | Identified the +3 scale mail of the Armoured One {*Corrode
                  | rPois Str+8 Int-3}
  5176 | D:4      | Found a burning altar of Makhleb.
  5487 | D:5      | Entered Level 5 of the Dungeon
  5567 | D:5      | Reached skill level 1 in Conjurations
  5749 | D:5      | Reached XP level 8. HP: 78/78 MP: 12/16
  5821 | D:5      | Reached skill level 5 in Earth Magic
  6342 | D:5      | Reached skill level 5 in Fighting
  6426 | D:5      | You fall into a shaft and drop 2 floors!
  6560 | D:7      | Found an iron altar of Okawaru.
  6607 | D:7      | Noticed a wyvern
  6616 | D:7      | Killed a wyvern
  6910 | D:7      | Reached XP level 9. HP: 89/89 MP: 14/18
  8326 | D:6      | Found a transporter.
  8326 | D:6      | Found a transporter.
  8730 | D:6      | Reached skill level 1 in Shields
  9015 | D:6      | Found Nurayxin's General Store.
  9022 | D:6      | Noticed a two-headed ogre
  9027 | D:6      | Killed a two-headed ogre
  9028 | D:6      | Reached XP level 10. HP: 87/102 MP: 5/21
  9189 | D:6      | Found a runed translucent door.
  9191 | D:6      | Noticed Crazy Yiuf
  9197 | D:6      | Killed Crazy Yiuf
  9201 | D:6      | Identified the +2 mace "Grim" {freeze, rPois Will+ Str-2
                  | Int+8}
 11215 | D:8      | Found a staircase to the Lair.
 11215 | D:8      | Noticed an elephant
 11275 | D:8      | Killed an elephant
 11276 | D:8      | Reached skill level 5 in Conjurations
 11778 | D:8      | Slain by an orc warrior

Illustrated notes

Levels and vault maps discovered:
D:1:      lightli_arrival_quake, layout_basic
D:2:      layout_basic, basic_ecumenical_altar, kennysheep_small_spiral
D:3:      layout_basic, uniq_sigmund
D:4:      cheibrodos_old_hovel, layout_basic, overflow_temple_1_default,
          minmay_temple_entry_waves, minmay_fractal_squares_gapless_5
D:5:      minmay_razor_zed, layout_loops_ring, gup_sewer_entry_spiral,
          guppyfry_early_orc_mine
D:6:      gammafunk_steamed_eel, layout_rooms, serial_shops, shop,
          uniq_crazy_yiuf_cottage
D:7:      layout_loops_corners, okawaru_trees_1, worms_lemuel
D:8:      statuecave_lemuel, layout_loops_ring, mainiacjoe_overflow_catwalk,
          kennysheep_mini_moat, nicolae_ashenzari_skybound, david_lair_generic,
          serial_shops, shop, corexii_hall_statues_i, glass_columns_a
Temple:   nicolae_temple_elliptical

Skill      XL: |  1  2  3  4  5  6  7  8  9 10 |
---------------+-------------------------------+-----
Fighting       | 1 2 3 4 5 7 8 |  8.3
Earth Magic    | 3 4 5 6 7 |  7.1
Spellcasting   | 3 4 5 6 7 8 |  8.1
Dodging        | 2 3 4 |  4.7
Armour         | 1 2 3 4 |  4.0
Conjurations   | 1 3 4 5 |  5.1
Shields        | 1 2 |  2.1
Stealth        | |  1.4
Transmutations | |  0.8

Action                   |  1- 3 |  4- 6 |  7- 9 | 10-12 || total
-------------------------+-------+-------+-------+-------++-------
Melee: Mace              |    46 |       |       |       ||    46
       Trident           |    36 |    35 |       |       ||    71
       Short sword       |     3 |       |       |       ||     3
       Long sword        |       |    41 |    33 |    21 ||    95
       Dagger            |       |       |     9 |       ||     9
       Staff             |       |       |     4 |     1 ||     5
 Cast: Sandblast         |    34 |    36 |   112 |    16 ||   198
       Stone Arrow       |     2 |     3 |    59 |    53 ||   117
  Use: Potion            |       |     1 |     1 |     3 ||     5
       Scroll            |       |     2 |     7 |     5 ||    14
 Stab: Sleeping          |     1 |       |     1 |       ||     2
Armor: Robe              |    27 |    32 |    22 |    19 ||   100
Dodge: Dodged            |    56 |    58 |    58 |    45 ||   217
       Rpst.: Long sword |       |    10 |     8 |     2 ||    20
